AoeStats
← MATOSKO

Fortress

509969163Analyzed
3v3 RM · 4d ago on Sep 28, 2026· 34m 17s· 6 players
Game mode
Random Map
Map size
Large (8 player)
Population
200
Speed
Normal
Resources
Standard
Victory
Conquest
Starting age
Dark Age
Ending age
Imperial Age
RankedLock teamsTeams togetherTeam positionsShared explorationLock speedFull tech treeHidden civsTurbo modeCheats
Victory
Defeat
🇺🇸 Bohemians · United States
1444
+9
🇺🇸 Vietnamese · United States
1417
+10
🇺🇸 Khmer · United States
1401
+11
🇵🇪 Britons · Peru
1318
-11
🇸🇰 Varangians · Slovakia
1284
-10
🇨🇱 Italians · Chile
1265
-9
Rasec
7:28 Feudal Age
12:00 Castle Age
10:11 Double-Bit Axe
10:23 Fletching
10:24 Horse Collar
10:42 Gold Mining
13:13 Bow Saw
15:54 Fletching
18:56 Bodkin Arrow
23:57 Wheelbarrow
23:36 Heavy Plow
23:28 Stone Mining
24:56 Town Watch
24:58 Loom
28:13 Imperial Age
28:19 Imperial Age
26:54 Padded Archer Armor
27:23 Hand Cart
28:19 Light Cavalry
29:47 Husbandry
29:48 Bracer
30:11 Ballistics
30:51 Chemistry
30:52 Conscription
30:17 Elite Longbowman
33:35 Leather Archer Armor
MATOSKO
5:46 Loom
7:32 Feudal Age
12:21 Castle Age
10:18 Double-Bit Axe
10:35 Arson
11:00 Scale Mail Armor
11:07 Horse Collar
12:47 Forging
15:52 Squires
16:25 Gambesons
34:24 Imperial Age
32:16 Bloodlines
33:34 Husbandry
Mauri Ramone
5:53 Feudal Age
6:33 Double-Bit Axe
6:50 Gold Mining
8:57 Horse Collar
11:06 Loom
13:22 Castle Age
11:14 Loom
14:55 Bow Saw
16:16 Wheelbarrow
16:27 Fervor
18:16 Heavy Plow
18:20 Stone Mining
21:48 Hand Cart
21:41 Treadmill Crane
23:01 Ballistics
26:40 Imperial Age
24:37 Fletching
25:30 Stone Shaft Mining
26:22 Fortified Wall
27:29 Scale Mail Armor
27:26 Bodkin Arrow
28:34 Chemistry
29:14 Conscription
31:16 Town Watch
31:36 Squires
31:22 Elite Skirmisher
32:53 Bracer
32:54 Padded Archer Armor
33:09 Chain Mail Armor
LeGoat James 12-13
7:42 Feudal Age
10:24 Castle Age
8:22 Double-Bit Axe
11:26 Bow Saw
11:08 Horse Collar
16:02 Loom
16:35 Gold Mining
23:32 Wheelbarrow
23:44 Gold Shaft Mining
23:00 Stone Mining
23:17 Husbandry
23:24 Scale Barding Armor
26:41 Imperial Age
24:47 Bloodlines
25:14 Heavy Plow
25:30 Hand Cart
25:45 Chain Barding Armor
28:26 Plate Barding Armor
27:14 Elite Ballista Elephant
29:28 Chemistry
29:33 Conscription
30:13 Double Crossbow
30:40 Ballistics
30:56 Fletching
32:31 Siege Engineers
Ck SANCTUS.ĐSY
7:20 Feudal Age
11:39 Castle Age
9:31 Double-Bit Axe
9:40 Horse Collar
18:22 Loom
20:05 Fervor
23:05 Wheelbarrow
23:18 Bow Saw
27:27 Imperial Age
25:08 Elite Skirmisher
25:39 Fletching
25:49 Padded Archer Armor
26:00 Forging
29:47 Bodkin Arrow
30:28 Iron Casting
29:54 Scale Mail Armor
30:24 Imperial Skirmisher
31:09 Bracer
31:24 Leather Archer Armor
31:32 Ballistics
32:19 Chemistry
31:30 Masonry
33:20 Pikeman
34:01 Squires
33:21 Man-at-Arms
33:47 Arson
34:33 Ring Archer Armor
35:03 Blast Furnace
34:19 Chain Mail Armor
MØLDAIN
7:01 Feudal Age
11:48 Castle Age
9:57 Horse Collar
10:07 Double-Bit Axe
10:35 Horse Collar
13:00 Bow Saw
13:27 Wheelbarrow
13:04 Heavy Plow
13:37 Loom
15:40 Fletching
18:59 Hand Cart
20:13 Gold Mining
20:27 Bodkin Arrow
20:22 Town Watch
21:25 Padded Archer Armor
21:51 Ballistics
24:06 Leather Archer Armor
24:23 Stone Mining
28:04 Imperial Age
26:31 Thumb Ring
25:49 Elite Skirmisher
28:44 Stone Shaft Mining
29:18 Bracer
29:48 Ring Archer Armor
30:20 Chemistry
30:02 Imperial Skirmisher
31:13 Paper Money
30:45 Elite Rattan Archer
Connection lost

Rejoining the realm…

Still unreachable

The connection could not be restored.

Session expired

The server has moved on; the page needs a fresh start.